 Dungeon Crawl Stone Soup version 0.29.0-15-g675c0067aa (webtiles) character file.

Game seed: 14418931889234148664

464 qw the Chopper (level 7, -1/43 HPs)
             Began as a Gargoyle Fighter on Sept 12, 2022.
             Slain by a wight
             ... wielding a +2 halberd
              (7 damage)
             ... on level 4 of the Dungeon.
             The game lasted 00:01:44 (4112 turns).

qw the Chopper (Gargoyle Fighter)                   Turns: 4112, Time: 00:01:44

Health: -1/43      AC: 15    Str: 18    XL:     7   Next: 7%
Magic:  7/7        EV:  6    Int:  8    God:
Gold:   69         SH:  4    Dex:  9    Spells: 6/6 levels left

rFire   . . .      SeeInvis .   Y - +0 war axe
rCold   . . .      Faith    .   c - +0 buckler
rNeg    + . .      Spirit   .   h - +0 chain mail
rPois   inf        Reflect  .   e - +0 helmet
rElec   +          Harm     .   (no cloak)
rCorr   .          Rampage  .   (no gloves)
Will    .....                   (no boots)
Stlth   ..........              (no amulet)
HPRegen 0.14/turn               (no ring)
MPRegen 0.10/turn               (no ring)

@: unable to read
A: sickness immunity, AC +4, negative energy resistance 1, electricity
resistance, torment resistance 1, petrification resistance, weak 2, inability to
read after injury 2
a: no special abilities


You were on level 4 of the Dungeon.
You visited 1 branch of the dungeon, and saw 4 of its levels.

You collected 69 gold pieces.


Innate Abilities, Weirdness & Mutations

You are immune to sickness and miasma.
Your stone body is resilient. (AC +4)
You are immune to poison.
You resist negative energy. (rN+)
You are resistant to electric shocks. (rElec)
You are resistant to unholy torment.
You are immune to petrification.
You are very weak. (Str -4)
You sometimes lose the ability to read scrolls when taking damage.


   Skills:
 - Level 4.1 Fighting
 + Level 6.1 Axes
 - Level 1.3 Throwing
 - Level 3.2 Armour
 - Level 3.2 Shields


You had 6 spell levels left.
You didn't know any spells.
Your spell library was empty.

Inventory:

Hand Weapons
 m - a +0 flail
 Y - a +0 war axe (weapon)
Missiles
 n - 6 javelins (quivered)
Armour
 c - a +0 buckler (worn)
 e - a +0 helmet (worn)
 h - a +0 chain mail (worn)
Scrolls
 a - a scroll of identify
 i - a scroll of teleportation
 k - a scroll of summoning {unknown}
Potions
 b - a potion of ambrosia {unknown}
 d - a potion of might
 f - a potion of lignification {unknown}
 g - a potion of curing
 j - a potion of flight {unknown}
 l - a potion of attraction {unknown}

Dungeon Overview and Level Annotations

Branches:
Dungeon (4/15)
 Temple: D:4-7

Altars:
Nemelex Xobeh

Shops:
D:3 [


Message History

You block the wight's attack.
You slash the wight!
You destroy the wight!
You closely miss the wight. The wight hits you but does no damage.
Your Throwing skill increases to level 1!
You have reached level 7!
You barely miss the wight.
The wight hits you with a +5 dagger of freezing.
The wight freezes you.
You hit the wight but do no damage. The wight hits you but does no damage.
The wight hits you from afar with a +2 halberd!
You feel threatened and lose the ability to read scrolls!
You barely miss the wight.
The wight hits you with a +5 dagger of freezing.
The wight freezes you.
The wight hits you from afar with a +2 halberd.
The wight closely misses you. The wight hits you but does no damage.
You hit the wight but do no damage. The wight barely misses you.
You block the wight's attack.
You closely miss the wight. The wight hits you but does no damage.
The wight barely misses you.
You hit the wight but do no damage. You block the wight's attack.
The wight hits you from afar with a +2 halberd.
You slash the wight!
The wight is heavily damaged.
You can read scrolls again.
The wight barely misses you.
The wight hits you from afar with a +2 halberd.
You barely miss the wight.
The wight is heavily damaged.
The wight hits you but does no damage.
The wight hits you from afar with a +2 halberd.
You feel threatened and lose the ability to read scrolls!
The wight hits you with a +5 dagger of freezing.
The wight freezes you.
The wight hits you from afar with a +2 halberd!
You die...

#########
#.......#
#.#####.# #.#
#.#
########.#####.#
+.zzz)......>..#
###.#@##.###.###
#.#....# #.#
#z###### #.# #z
#.# #z #.# #.
#.# (z #.# #.#
#.#


You could see 3 wights.

Vanquished Creatures
  Grinder (D:3)
  A wight (D:4)
  2 iguanas
  Jessica (D:2)
  Robin (D:3)
  3 adders
  A worm (D:2)
  A dart slug (D:3)
  6 orcs (D:3)
  12 ball pythons
  6 endoplasms
  3 giant cockroaches (D:1)
  15 goblins
  10 hobgoblins
  4 quokkas
  9 bats
  7 frilled lizards
  3 kobolds
  7 rats
93 creatures vanquished.

Notes
Turn   | Place    | Note
-------+----------+-------------------------------------------
     0 | D:1      | qw the Gargoyle Fighter began the quest for the Orb.
     0 | D:1      | Reached XP level 1. HP: 14/14 MP: 1/1
     0 | D:1      | 0 ||| qw: Version: 0.1-a-119-g272c26d
     0 | D:1      | 0 ||| qw: Game counter: 10832
     0 | D:1      | 0 ||| qw: Always use a shield: true
     0 | D:1      | 0 ||| qw: God list: Okawaru
     0 | D:1      | 0 ||| qw: Allow faded altars: false
     0 | D:1      | 0 ||| qw: Do Orc after D:15 true
     0 | D:1      | 0 ||| qw: Do second Lair branch before Depths: true
     0 | D:1      | 0 ||| qw: Lair rune preference: random
     0 | D:1      | 0 ||| qw: Plans: Normal, Zot, God:TSO, Crypt, Tomb, Pan,
                  | Slime, Hells, Zig, Abyss, Orb
     0 | D:1      | 0 ||| PLANNING D:1-11
   156 | D:1      | Reached skill level 2 in Axes
   412 | D:1      | Reached XP level 2. HP: 19/19 MP: 2/2
   494 | D:1      | 494 ||| Stepping ~*~*~tactically~*~*~ (stealth).
   498 | D:1      | 498 ||| Stepping ~*~*~tactically~*~*~ (stealth).
   526 | D:1      | 526 ||| Stepping ~*~*~tactically~*~*~ (stealth).
   538 | D:1      | 538 ||| Stepping ~*~*~tactically~*~*~ (stealth).
   597 | D:1      | Reached skill level 3 in Axes
   658 | D:1      | Reached XP level 3. HP: 23/23 MP: 3/3
   981 | D:1      | 981 ||| DROPPING +0 club.
  1205 | D:1      | 1205 ||| UPGRADING to +0 helmet.
  1210 | D:1      | 1210 ||| READING scroll labelled ZIAGRUZAPOT.
  1211 | D:1      | 1211 ||| READING scroll labelled TUZAID MOUPNUTH.
  1261 | D:2      | 1261 ||| STAIRDANCE
  1321 | D:2      | 1321 ||| Stepping ~*~*~tactically~*~*~ (stealth).
  1324 | D:2      | 1324 ||| Stepping ~*~*~tactically~*~*~ (stealth).
  1327 | D:2      | 1327 ||| Stepping ~*~*~tactically~*~*~ (stealth).
  1370 | D:2      | Noticed Jessica
  1375 | D:2      | Killed Jessica
  1376 | D:2      | Reached XP level 4. HP: 23/28 MP: 4/4
  1377 | D:2      | Reached skill level 4 in Axes
  1377 | D:2      | 1377 ||| Stepping ~*~*~tactically~*~*~ (stealth).
  1379 | D:2      | 1379 ||| Stepping ~*~*~tactically~*~*~ (stealth).
  1383 | D:2      | 1383 ||| FLEEEEING.
  1485 | D:2      | 1485 ||| Stepping ~*~*~tactically~*~*~ (stealth).
  1830 | D:2      | 1830 ||| Stepping ~*~*~tactically~*~*~ (stealth).
  1924 | D:2      | 1924 ||| Stepping ~*~*~tactically~*~*~ (stealth).
  2126 | D:2      | 2126 ||| UPGRADING to +0 chain mail.
  2136 | D:2      | 2136 ||| DROPPING +0 scale mail.
  2137 | D:2      | 2137 ||| READING 3 scrolls labelled OTTE OS LIGESS.
  2138 | D:2      | 2138 ||| DRINKING 2 coppery potions.
  2138 | D:2      | Gained mutation: You are clumsy. (Dex -2) [potion of
                  | mutation]
  2138 | D:2      | Gained mutation: Your flesh is cold resistant. (rC+)
                  | [potion of mutation]
  2138 | D:2      | Gained mutation: You occasionally lose the ability to read
                  | scrolls when taking damage. [potion of mutation]
  2138 | D:2      | Gained mutation: Your flesh is heat resistant. (rF+)
                  | [potion of mutation]
  2139 | D:2      | 2139 ||| DRINKING potion of mutation.
  2139 | D:2      | Lost mutation: You are clumsy. (Dex -2) [potion of
                  | mutation]
  2139 | D:2      | Lost mutation: Your flesh is heat resistant. (rF+) [potion
                  | of mutation]
  2139 | D:2      | Lost mutation: Your flesh is cold resistant. (rC+) [potion
                  | of mutation]
  2139 | D:2      | Gained mutation: You are weak. (Str -2) [potion of
                  | mutation]
  2139 | D:2      | Gained mutation: You are very weak. (Str -4) [potion of
                  | mutation]
  2139 | D:2      | Gained mutation: You sometimes lose the ability to read
                  | scrolls when taking damage. [potion of mutation]
  2140 | D:2      | 2140 ||| READING 2 scrolls of identify.
  2140 | D:2      | 2140 ||| IDENTIFYING murky blue potion
  2324 | D:3      | Reached XP level 5. HP: 24/32 MP: 5/5
  2403 | D:3      | Found a faded altar of an unknown god.
  2650 | D:3      | Noticed Grinder
  2668 | D:3      | 2668 ||| Stepping ~*~*~tactically~*~*~ (hiding).
  2673 | D:3      | HP: 6/32 [Grinder (4)]
  2674 | D:3      | 2674 ||| DRINKING 2 potions of heal wounds.
  2684 | D:3      | Paralysed by Grinder for 4 turns
  2686 | D:3      | HP: 6/32 [Grinder/puff of flame (4)]
  2688 | D:3      | 2688 ||| DRINKING potion of heal wounds.
  2691 | D:3      | Paralysed by Grinder for 2 turns
  2699 | D:3      | Paralysed by Grinder for 5 turns
  2706 | D:3      | 2706 ||| FLEEEEING.
  2707 | D:3      | 2707 ||| FLEEEEING.
  2708 | D:3      | 2708 ||| FLEEEEING.
  2709 | D:3      | 2709 ||| FLEEEEING.
  2710 | D:3      | 2710 ||| FLEEEEING.
  2711 | D:3      | 2711 ||| FLEEEEING.
  2717 | D:3      | 2717 ||| FLEEEEING.
  2718 | D:3      | 2718 ||| FLEEEEING.
  2719 | D:3      | 2719 ||| FLEEEEING.
  2719 | D:3      | Paralysed by Grinder for 4 turns
  2723 | D:3      | 2723 ||| FLEEEEING.
  2724 | D:3      | 2724 ||| FLEEEEING.
  2725 | D:3      | 2725 ||| FLEEEEING.
  2726 | D:3      | 2726 ||| FLEEEEING.
  2737 | D:3      | 2737 ||| FLEEEEING.
  2738 | D:3      | 2738 ||| FLEEEEING.
  2739 | D:3      | 2739 ||| FLEEEEING.
  2740 | D:3      | 2740 ||| FLEEEEING.
  2741 | D:3      | 2741 ||| FLEEEEING.
  2742 | D:3      | 2742 ||| FLEEEEING.
  2743 | D:3      | 2743 ||| FLEEEEING.
  2744 | D:3      | 2744 ||| FLEEEEING.
  2745 | D:3      | 2745 ||| FLEEEEING.
  2746 | D:3      | 2746 ||| FLEEEEING.
  2747 | D:3      | 2747 ||| FLEEEEING.
  2748 | D:3      | 2748 ||| FLEEEEING.
  2749 | D:3      | 2749 ||| FLEEEEING.
  2750 | D:3      | 2750 ||| FLEEEEING.
  2751 | D:3      | 2751 ||| FLEEEEING.
  2752 | D:3      | 2752 ||| FLEEEEING.
  2753 | D:3      | 2753 ||| FLEEEEING.
  2754 | D:3      | 2754 ||| FLEEEEING.
  2755 | D:3      | 2755 ||| FLEEEEING.
  2765 | D:3      | 2765 ||| FLEEEEING.
  2766 | D:3      | 2766 ||| FLEEEEING.
  2767 | D:3      | 2767 ||| FLEEEEING.
  2768 | D:3      | 2768 ||| FLEEEEING.
  2769 | D:3      | 2769 ||| FLEEEEING.
  2770 | D:3      | 2770 ||| FLEEEEING.
  2771 | D:3      | 2771 ||| FLEEEEING.
  2772 | D:3      | 2772 ||| FLEEEEING.
  2789 | D:3      | Paralysed by Grinder for 3 turns
  2792 | D:3      | Killed Grinder
  2793 | D:3      | Reached skill level 6 in Axes
  2793 | D:3      | Reached XP level 6. HP: 20/37 MP: 6/6
  2991 | D:3      | Found Naipeot's Antique Armour Emporium.
  3000 | D:3      | 3000 ||| SHOPLISTING pair of boots (108 gold, have 38).
  3000 | D:3      | 3000 ||| SHOPLISTING smelly plate armour (672 gold, have
                  | 38).
  3000 | D:3      | 3000 ||| SHOPLISTING tower shield (108 gold, have 38).
  3000 | D:3      | 3000 ||| SHOPLISTING translucent scale mail (216 gold, have
                  | 38).
  3095 | D:3      | 3095 ||| Stepping ~*~*~tactically~*~*~ (stealth).
  3143 | D:3      | 3143 ||| Stepping ~*~*~tactically~*~*~ (stealth).
  3144 | D:3      | 3144 ||| Stepping ~*~*~tactically~*~*~ (stealth).
  3200 | D:3      | 3200 ||| READING scroll labelled QAUFEKHL KEMO.
  3256 | D:3      | 3256 ||| READING scroll labelled UCZOYC AMOECK.
  3257 | D:3      | 3257 ||| DRINKING 2 amethyst potions.
  3391 | D:3      | 3391 ||| DROPPING +0 whip.
  3453 | D:3      | Noticed Robin
  3454 | D:3      | 3454 ||| Stepping ~*~*~tactically~*~*~ (hiding).
  3466 | D:3      | Killed Robin
  3502 | D:3      | Found a sparkling altar of Nemelex Xobeh.
  3706 | D:3      | 3706 ||| READING scroll labelled ROUMOJ LIA.
  4101 | D:4      | 4101 ||| Stepping ~*~*~tactically~*~*~ (hiding).
  4105 | D:4      | Reached skill level 1 in Throwing
  4105 | D:4      | Reached XP level 7. HP: 43/43 MP: 7/7
  4112 | D:4      | HP: 7/43 [wight/+5 dagger of freezing (4)]
  4112 | D:4      | Slain by a wight

Levels and vault maps discovered:
D:1:      evilmike_arrival_rings, layout_loops_ring, nicolae_titane
D:2:      layout_loops_ring, kennysheep_potato, uniq_jessica
D:3:      layout_basic, nemelex_spade_bored_becter, serial_shops,
          nicolae_shop_advertising_works [nicolae_subvault_shop_adworks],
          ebering_ecumenical_altar_mist, nicolae_concentric_dashed_squares_wild,
          uniq_grinder, uniq_robin
D:4:      layout_basic, uniq_duvessa

Skill      XL: |  1  2  3  4  5  6 |
---------------+-------------------+-----
Axes           | 2 3 4 6 |  6.1
Fighting       | 4 |  4.1
Throwing       | 1 |  1.3
Armour         | |  3.2
Shields        | |  3.2

Action                   |  1- 3 |  4- 6 |  7- 9 || total
-------------------------+-------+-------+-------++-------
Melee: War axe           |   103 |   227 |     8 ||   338
  Use: Scroll            |     2 |     5 |       ||     7
       Potion            |       |     5 |       ||     5
 Stab: Distracted        |       |     1 |       ||     1
Armor: Scale mail        |    50 |    47 |       ||    97
       Chain mail        |       |    95 |     4 ||    99
Dodge: Dodged            |    50 |    79 |     4 ||   133
Block: Buckler           |    17 |    41 |     2 ||    60

Table legend:
 A = Non-vault XP
 B = Vault XP
 C = Vault XP percentage of total XP
 D = Non-vault monster count
 E = Vault monster count
 F = Vault count percentage of total count
                 A         B        C        D         E       F
            +---------+---------+-------+---------+---------+-------
      Total |     298 |     365 |  55.1 |      77 |      16 |  17.2
            +---------+---------+-------+---------+---------+-------
        D:1 |      49 |       0 |   0.0 |      32 |       0 |   0.0
        D:2 |      44 |      54 |  55.1 |      20 |       4 |  16.7
        D:3 |      78 |     311 |  79.9 |      19 |      12 |  38.7
        D:4 |     127 |       0 |   0.0 |       6 |       0 |   0.0
            +---------+---------+-------+---------+---------+-------
